 Dungeon Crawl Stone Soup version 0.31-a0-845-g9abc20d24f (webtiles) character file.

Game seed: 5254511233061062473

240 BinkBink the Covert (level 5, -2/28 HPs)
             Began as a Spriggan Delver on Oct 3, 2023.
             Was an Initiate of Vehumet.
             Slain by a wight
             ... wielding a +0 morningstar
              (17 damage)
             ... on level 3 of the Dungeon.
             The game lasted 00:07:57 (3591 turns).

BinkBink the Covert (Spriggan Delver)               Turns: 3591, Time: 00:07:57

Health: -2/28      AC:  2    Str: 10    XL:     5   Next: 79%
Magic:  6/6        EV: 19    Int: 11    God:    Vehumet [......]
Gold:   219        SH:  5    Dex: 17    Spells: 4/4 levels left

rFire   + . .        a - +0 short sword
rCold   . . .        (no shield)
rNeg    . . .        b - +0 robe
rPois   .            (helmet restricted)
rElec   .            (no cloak)
rCorr   .            (gloves unavailable)
SInv    +            (boots unavailable)
Will    .....        k - amulet of reflection
Stlth   ++++         i - ring of protection from fire
HPRegen 0.24/turn    (no ring)
MPRegen 0.10/turn

%: reflection
@: very quick
A: very small, no large weapons, unfitting armour, see invisible, speed 3
a: Renounce Religion


You were on level 3 of the Dungeon.
You worshipped Vehumet.
Vehumet was noncommittal.
You visited 1 branch of the dungeon, and saw 5 of its levels.

You collected 219 gold pieces.

Inventory:

Hand Weapons
 a - a +0 short sword (weapon)
Armour
 b - a +0 robe (worn)
Jewellery
 i - a ring of protection from fire (left hand)
 k - an amulet of reflection (around neck)
Wands
 g - a wand of digging (1)
Scrolls
 c - a scroll of fog
 d - a scroll of revelation
 h - 5 scrolls of identify {unknown}
 m - a scroll of vulnerability {unknown}
 p - a scroll of teleportation {unknown}
 r - a scroll of silence {unknown}
 s - a scroll of amnesia {unknown}
 t - a scroll of blinking {unknown}
Potions
 e - a potion of resistance {unknown}
 f - 2 potions of haste
 j - 3 potions of curing {unknown}
 l - a potion of degeneration {unknown}
 n - a potion of brilliance {unknown}
 o - a potion of attraction {unknown}
 q - a potion of heal wounds {unknown}


   Skills:
 + Level 3.4 Fighting
 + Level 3.8 Short Blades
 + Level 4.5 Dodging
 + Level 8.6 Stealth


You had 4 spell levels left.
You didn't know any spells.
Your spell library contained the following spells:

 Spells                   Type           Power      Damage    Failure   Level
 Alistair's Intoxication  Tmut/Pois      0%         N/A       100%        5
 Borgnjor's Vile Clutch   Necr/Erth      0%         N/A       100%        5
 Eringya's Noxious Bog    Tmut/Pois      0%         4d6       100%        6


Dungeon Overview and Level Annotations

Branches:
Dungeon (5/15)
 Temple: D:4-7

Altars:
Gozag
Kikubaaqudgha
Nemelex Xobeh
Okawaru
Qazlal
Ru
Vehumet
Yredelemnul

Annotations:
D:4 Pikel


Innate Abilities, Weirdness & Mutations

You are very small and have problems with some larger weapons.
You are too small for most types of armour.
You have supernaturally acute eyesight. (SInv)
You cover ground extremely quickly. (Speed+++)


Message History

The orc closely misses you.
You climb upwards.
There is a stone staircase leading down here.
The orc attacks as it pursues you! The orc misses you.
You start resting.
An orc is nearby!
There are monsters nearby!
You closely miss the orc. The orc closely misses you.
You hit the orc.
The orc is almost dead.
The orc misses you.
You hit the orc.
You kill the orc!
Vehumet accepts your kill.
You hit the wight but do no damage. You hit the wight.
The wight is lightly damaged.
The wight closely misses you.
You hit the wight.
The wight is moderately damaged.
The wight hits you with a +0 morningstar!
You barely miss the wight.
The wight is moderately damaged.
The wight closely misses you.
You hit the wight but do no damage.
The wight is moderately damaged.
You block the wight's attack.
You hit the wight.
The wight is heavily damaged.
You closely miss the wight.
The wight is heavily damaged.
The wight misses you.
You hit the wight but do no damage.
The wight is heavily damaged.
The wight barely misses you.
You hit the wight but do no damage.
The wight is heavily damaged.
The wight hits you with a +0 morningstar!
Ouch! That really hurt!
You die...

....>...#........#.....###.)...#.
####.............#.....# #####.#.
####..z..........#.....# #.......
...#.....#########.....# #.......
...#....z##### #.....# #.......
(........o...# #.....# #.......
...#.#######.# #.....# #.......
.............###################.
####.###.......z@................
........#.#######################
..........# #....# #....#
####.##...# #....# #....#
...#.##.<.# #....# #..[.####
##.#......# #....# #........
##.#.###..# #....# #....(...
##.#.#....# #....# #.....)..
##.#.#.#.## #....# #........


You could see a wight.

Vanquished Creatures
  An ogre (D:5)
  An orc wizard (D:3)
  A gnoll (D:1)
  4 adders
  A dart slug (D:1)
  8 orcs (D:3)
  8 endoplasms
  5 giant cockroaches
  5 goblins
  8 hobgoblins
  6 jackals
  4 quokkas
  3 ball pythons
  3 bats
  A frilled lizard (D:3)
  7 kobolds
  5 rats
71 creatures vanquished.

Notes
Turn   | Place    | Note
-------+----------+-------------------------------------------
     0 | D:5      | BinkBink the Spriggan Delver began the quest for the Orb.
     0 | D:5      | Reached XP level 1. HP: 11/11 MP: 2/2
    25 | D:5      | Noticed a centaur
    66 | D:5      | Noticed a phantom
   143 | D:5      | Noticed an orc wizard
   178 | D:5      | Noticed an ogre
   271 | D:5      | Noticed an ogre
   280 | D:5      | Killed an ogre
   281 | D:5      | Reached skill level 8 in Stealth
   281 | D:5      | Reached XP level 2. HP: 16/16 MP: 3/3
   281 | D:5      | Reached XP level 3. HP: 20/20 MP: 4/4
   281 | D:5      | Reached XP level 4. HP: 24/24 MP: 5/5
   458 | D:5      | Noticed a scorpion
   543 | D:4      | Noticed a scorpion
   544 | D:4      | Noticed a lemure
   545 | D:4      | Noticed Pikel
   545 | D:4      | Noticed a lemure
   545 | D:4      | Noticed a lemure
   545 | D:4      | Noticed a lemure
  1183 | D:3      | Identified the -2 pair of boots of Gozag's Pride {Str+3}
  1448 | D:2      | Reached XP level 5. HP: 28/28 MP: 6/6
  1712 | D:2      | Found a sparkling altar of Nemelex Xobeh.
  3465 | D:3      | Found a radiant altar of Vehumet.
  3465 | D:3      | Found an iron altar of Okawaru.
  3465 | D:3      | Found a stormy altar of Qazlal.
  3466 | D:3      | Found a basalt altar of Yredelemnul.
  3467 | D:3      | Found an opulent altar of Gozag.
  3469 | D:3      | Found an ancient bone altar of Kikubaaqudgha.
  3470 | D:3      | Found a sacrificial altar of Ru.
  3474 | D:3      | Became a worshipper of Vehumet
  3591 | D:3      | Slain by a wight

Illustrated notes

Levels and vault maps discovered:
D:1:      heliophobic_arrival_glass_houses, layout_loops_ring, minivault_5
D:2:      layout_loops_ring, minmay_hexomino_r4
D:3:      layout_basic, minitemple, nicolae_hexahallways
D:4:      layout_rooms, minmay_joined_circles, uniq_pikel
D:5:      layout_basic, lightli_ossuary_entry_decrepit_ruins, uniq_menkaure

Skill      XL: |  1  2  3  4 |
---------------+-------------+-----
Fighting       | 3 |  3.4
Short Blades   | 3 |  3.8
Dodging        | 3 4 |  4.5
Stealth        | 8 |  8.6

Action                     |  1- 3 |  4- 6 || total
---------------------------+-------+-------++-------
  Melee: Short sword       |     3 |   360 ||   363
         Punch             |       |     3 ||     3
  Evoke: Wand              |     1 |     1 ||     2
    Use: Scroll            |       |     1 ||     1
   Stab: Sleeping          |     1 |    23 ||    24
 Armour: Robe              |     3 |    78 ||    81
  Dodge: Dodged            |     6 |   236 ||   242
  Block: Other             |     1 |    86 ||    87

Table legend: (Time is in decaauts)
 A = Elapsed time spent in this place.
 B = Non-inter-level travel time spent in this place.
 C = Inter-level travel time spent in this place.
 D = Time resting spent in this place.
 E = Time spent auto-exploring this place.
 F = Levels seen in this place.
 G = Mean time per level.
                   A        B        C        D        E       F      G
               +--------+--------+--------+--------+--------+-----+--------+
         Total |   2369 |   2286 |     83 |     71 |   1399 |   5 |  473.8 |
       Dungeon |   2369 |   2286 |     83 |     71 |   1399 |   5 |  473.8 |
               +--------+--------+--------+--------+--------+-----+--------+

Top non-repeatable levels by time:
     D:3: 895 daAuts
     D:1: 606 daAuts
     D:2: 511 daAuts
     D:5: 326 daAuts
     D:4: 30 daAuts
